AoeStats
← Reis

Hill Fort

505629073Analyzed
4v4 RM · 23d ago on Sep 10, 2026· 58m 18s· 8 players
Game mode
Random Map
Map size
Large (8 player)
Population
200
Speed
Normal
Resources
Standard
Victory
Conquest
Starting age
Dark Age
Ending age
Imperial Age
RankedLock teamsTeams togetherTeam positionsShared explorationLock speedFull tech treeHidden civsTurbo modeCheats
Victory
Defeat
🇨🇭 Bulgarians · Switzerland
1450
+13
🇸🇪 Britons · Sweden
1441
+13
🇨🇳 Spanish · China
1340
+18
🇺🇸 Tupi · United States
1339
+18
🇨🇳 Georgians · China
1414
-17
🇦🇷 Maya · Argentina
1407
-17
🇦🇷 Burmese · Argentina
1375
-15
🇭🇺 Khmer · Hungary
1331
-13
lobo
11:11 Feudal Age
12:34 Loom
15:26 Castle Age
15:09 Horse Collar
21:41 Padded Archer Armor
30:53 Wheelbarrow
31:27 Gold Mining
34:01 Fletching
34:54 Gold Shaft Mining
37:43 Imperial Age
36:59 Bodkin Arrow
39:09 Elite Skirmisher
40:45 Bracer
41:32 Hand Cart
44:28 Parthian Tactics
46:40 Fortified Wall
46:25 Light Cavalry
47:16 Bloodlines
47:07 Husbandry
47:19 Forging
47:14 Scale Barding Armor
48:43 Chemistry
49:09 Hussar
50:47 Ballistics
51:32 Chain Barding Armor
52:39 Heavy Plow
53:58 Iron Casting
Uporcpine
10:37 Feudal Age
10:50 Loom
14:42 Castle Age
12:52 Double-Bit Axe
14:04 Horse Collar
15:12 Bloodlines
15:59 Scale Barding Armor
16:17 Bow Saw
17:31 Husbandry
19:25 Heavy Plow
33:52 Imperial Age
32:05 Fletching
33:05 Bodkin Arrow
33:35 Chain Barding Armor
34:03 Wheelbarrow
33:14 Town Watch
34:14 Heavy Scorpion
35:22 Ballistics
35:04 Man-at-Arms
35:07 Pikeman
35:52 Scale Mail Armor
36:43 Double Crossbow
38:12 Chemistry
38:21 Conscription
40:41 Halberdier
42:16 Siege Engineers
43:29 Chain Mail Armor
45:15 Gold Mining
47:31 Forging
50:13 Hoardings
51:45 Bracer
51:46 Padded Archer Armor
51:48 Capped Ram
53:29 Leather Archer Armor
52:48 Elite Skirmisher
SlyFever
11:59 Feudal Age
13:40 Loom
16:19 Castle Age
14:09 Horse Collar
14:51 Double-Bit Axe
17:19 Bow Saw
18:12 Heavy Plow
23:56 Treadmill Crane
24:56 Fletching
25:44 Scale Barding Armor
25:35 Bodkin Arrow
26:14 Forging
27:06 Chain Barding Armor
27:33 Svan Towers
29:21 Wheelbarrow
34:08 Imperial Age
33:07 Iron Casting
32:46 Bloodlines
32:36 Husbandry
35:09 Ballistics
36:16 Hand Cart
35:46 Town Watch
36:37 Light Cavalry
37:17 Husbandry
37:25 Husbandry
38:30 Crop Rotation
39:30 Plate Barding Armor
39:43 Bracer
41:35 Blast Furnace
44:12 Chemistry
43:23 Guard Tower
43:24 Arrowslits
44:40 Masonry
46:44 Keep
47:11 Architecture
50:21 Gold Mining
49:55 Light Cavalry
51:10 Squires
51:48 Conscription
52:32 Hussar
57:13 Padded Archer Armor
PocaChota
1:15 Loom
13:08 Feudal Age
17:35 Castle Age
15:47 Double-Bit Axe
16:34 Horse Collar
18:42 Bow Saw
19:25 Heavy Plow
22:56 Fletching
24:00 Ballistics
24:03 Bodkin Arrow
25:05 Padded Archer Armor
28:58 Wheelbarrow
29:24 Gold Mining
30:01 Fervor
30:55 Stone Mining
35:08 Imperial Age
35:15 Imperial Age
33:54 Thumb Ring
34:03 Treadmill Crane
35:00 Stone Shaft Mining
34:55 Leather Archer Armor
35:05 Hand Cart
35:18 Elite Plumed Archer
36:04 Bracer
37:11 Ring Archer Armor
37:42 Two-Man Saw
37:00 Clinker Construction
37:13 Conscription
38:10 Chemistry
41:01 Masonry
40:12 Pikeman
40:53 Squires
41:45 Forging
41:35 Scale Mail Armor
41:23 Arson
41:02 Halberdier
42:16 Architecture
43:49 Iron Casting
44:27 Chain Mail Armor
45:37 Blast Furnace
46:11 Plate Mail Armor
49:10 Caravan
50:47 Coinage
50:28 Guilds
Polestar
10:50 Feudal Age
10:42 Loom
15:21 Castle Age
14:20 Double-Bit Axe
14:26 Horse Collar
17:11 Fletching
23:33 Ballistics
29:06 Bodkin Arrow
30:36 Padded Archer Armor
32:40 Bow Saw
32:31 Heavy Plow
33:59 Gold Mining
35:17 Wheelbarrow
34:37 Stone Mining
39:30 Imperial Age
37:23 Leather Archer Armor
38:17 Hand Cart
38:40 Gold Shaft Mining
40:42 Curare
40:43 Bracer
41:46 Chemistry
42:09 Ring Archer Armor
41:25 Elite Blackwood Archer
42:06 Capped Ram
43:53 Siege Ram
50:39 Caravan
54:42 Two-Man Saw
Reis
7:00 Loom
10:40 Feudal Age
16:23 Castle Age
14:39 Loom
15:16 Double-Bit Axe
16:09 Horse Collar
17:48 Scale Barding Armor
17:53 Forging
22:42 Fletching
23:44 Bodkin Arrow
36:30 Iron Casting
43:04 Stone Mining
43:05 Gold Mining
44:57 Heavy Plow
46:37 Wheelbarrow
46:27 Bow Saw
48:26 Hand Cart
52:27 Imperial Age
50:09 Scale Mail Armor
50:29 Chain Barding Armor
50:35 Husbandry
50:47 Bloodlines
51:00 Squires
50:45 Arson
51:35 Chain Mail Armor
52:00 Gold Shaft Mining
52:25 Stirrups
53:29 Conscription
54:14 Blast Furnace
54:03 Plate Barding Armor
53:59 Plate Mail Armor
53:35 Elite Konnik
54:05 Capped Ram
Kaben
10:31 Feudal Age
10:56 Horse Collar
18:54 Castle Age
18:32 Fletching
19:21 Crossbowman
19:57 Bodkin Arrow
25:05 Padded Archer Armor
27:35 Wheelbarrow
28:53 Gold Mining
33:21 Imperial Age
32:22 Ballistics
33:27 Arbalester
34:07 Bracer
36:54 Leather Archer Armor
37:05 Yeomen
43:28 Chemistry
43:48 Elite Longbowman
44:51 Conscription
46:06 Onager
47:18 Warwolf
54:28 Caravan
54:35 Elite Skirmisher
58:18 Ring Archer Armor
快乐大赢魔
10:23 Feudal Age
15:36 Castle Age
14:33 Double-Bit Axe
14:29 Horse Collar
16:52 Wheelbarrow
17:26 Bow Saw
17:19 Heavy Plow
23:40 Loom
33:56 Imperial Age
32:29 Padded Archer Armor
32:35 Scale Barding Armor
32:40 Forging
34:17 Bloodlines
34:07 Husbandry
34:14 Gold Mining
34:18 Stone Mining
35:04 Hand Cart
35:37 Conscription
35:41 Leather Archer Armor
36:30 Chain Barding Armor
36:45 Iron Casting
37:38 Plate Barding Armor
37:50 Ring Archer Armor
37:46 Town Watch
38:25 Ballistics
39:10 Chemistry
39:52 Two-Man Saw
40:18 Blast Furnace
39:31 Cavalier
41:48 Elite Conquistador
42:48 Fletching
42:58 Scale Mail Armor
46:31 Paladin
49:27 Light Cavalry
50:12 Town Patrol
50:38 Bodkin Arrow
50:59 Chain Mail Armor
50:50 Hussar
Connection lost

Rejoining the realm…

Still unreachable

The connection could not be restored.

Session expired

The server has moved on; the page needs a fresh start.